 Dungeon Crawl Stone Soup version 0.31-a0-664-g902f515a81 (webtiles) character file.

Game seed: 6695588202900641640

77 Midn8 the Shooter (level 4, -1/35 HPs)
             Began as a Formicid Wanderer on Sept 3, 2023.
             Slain by a cerulean imp
             ... wielding a +2 spear
             ... summoned by Natasha
              (5 damage)
             ... on level 2 of the Dungeon.
             The game lasted 00:02:04 (1174 turns).

Midn8 the Shooter (Formicid Wanderer)               Turns: 1174, Time: 00:02:05

Health: -1/35      AC:  5    Str: 20    XL:     4   Next: 58%
Magic:  4/4        EV: 10    Int:  8    God:
Gold:   82         SH:  0    Dex: 15    Spells: 3/3 levels left

rFire   . . .        a - +0 shortbow
rCold   . . .        (no shield)
rNeg    . . .        c - +0 ring mail
rPois   +            (helmet unavailable)
rElec   .            (no cloak)
rCorr   .            (no gloves)
SInv    +            (no boots)
Will    +....        (no amulet)
Stlth   +            m - ring of willpower
HPRegen 0.25/turn    e - ring of poison resistance
MPRegen 0.09/turn

%: no passive effects
@: no status effects
A: permanent stasis, dig shafts and tunnels, antennae 3, four strong arms
a: Dig, Shaft Self


You were on level 2 of the Dungeon.
You visited 1 branch of the dungeon, and saw 2 of its levels.

You collected 82 gold pieces.

Inventory:

Hand Weapons
 a - a +0 shortbow (weapon)
Armour
 c - a +0 ring mail (worn)
Jewellery
 e - a ring of poison resistance (right hand)
 m - a ring of willpower (left hand)
Scrolls
 d - a scroll of fog
 h - a scroll of amnesia {unknown}
 i - a scroll of teleportation {unknown}
 k - a scroll of immolation {unknown}
 n - a scroll of enchant armour {unknown}
Potions
 b - a potion of attraction
 f - a potion of invisibility {unknown}
 g - a potion of degeneration {unknown}
 j - 2 potions of curing {unknown}
 l - a potion of mutation {unknown}


   Skills:
 - Level 3.0 Fighting
 + Level 5.9 Ranged Weapons
 - Level 1.1 Armour
 - Level 2.0 Unarmed Combat
 - Level 1.1 Invocations


You had 3 spell levels left.
You didn't know any spells.
Your spell library was empty.

Dungeon Overview and Level Annotations

Branches:
Dungeon (2/15)

Altars:

Annotations:
D:2 Natasha


Innate Abilities, Weirdness & Mutations

You cannot be hasted, slowed, berserked, paralysed or teleported.
You can dig through walls and to a lower floor.
You have a pair of large antennae on your head. (SInv)
Your four strong arms can wield two-handed weapons with a shield.


Message History

Natasha is lightly wounded.
Natasha mumbles some strange words.
Natasha glows brightly for a moment.
Natasha casts a spell.
The cerulean imp barely misses you.
You shoot an arrow. The arrow barely misses Natasha.
The arrow closely misses the cerulean imp.
Natasha closely misses you.
The cerulean imp hits you but does no damage.
Natasha claws you. Natasha attacks as she pursues you! Natasha claws you.
You shoot an arrow. The arrow hits Natasha.
Natasha is heavily wounded.
Natasha claws you! The cerulean imp barely misses you. x2
You shoot an arrow. The arrow barely misses Natasha.
The arrow hits the cerulean imp.
The cerulean imp is moderately wounded.
Natasha casts a spell at you.
The magic dart hits you but does no damage.
The cerulean imp hits you from afar with a +2 spear.
The cerulean imp barely misses you.
You are too injured to fight recklessly!
You are too injured to fight recklessly!
Fire: a) +0 shortbow
Press: ? - help, Shift-Dir - straight line, f/p - Natasha
Aim: Natasha (heavily wounded, 55% to hit)
You shoot an arrow. The arrow misses Natasha.
The arrow closely misses the cerulean imp.
Natasha stares at you and mumbles some strange words.
The magic dart hits you.
* * * LOW HITPOINT WARNING * * *
The cerulean imp hits you but does no damage.
The cerulean imp hits you from afar with a +1 spear.
* * * LOW HITPOINT WARNING * * *
Unknown command.
Fire: a) +0 shortbow
Press: ? - help, Shift-Dir - straight line, f/p - Natasha
Aim: Natasha (heavily wounded, 55% to hit)
The cerulean imp hits you from afar with a +2 spear.
You die...

...##.####.##>..........####.....
...##......#....#######..........
...######..#....#########.##...รท.
......# #..##..............+..)<.
......###..##.(....#######.#.....
...........#####(#.#..........#.#
.................#...######.#....
..........#################.##.##
...######....55h@.........#......
##............########..........#
#................# #...........
#.............5..####........#.#
..#######....#....##........#.# #
###..#.##.##........#.# {{
#.....#.##........#..
#.....#.##........###
#####.#.#####...### #


You could see Natasha and 2 cerulean imps.

Vanquished Creatures
  Natasha (D:2)
  A gnoll (D:1)
  A worm (D:2)
  A dart slug (D:2)
  7 bats
  3 endoplasms (D:1)
  2 giant cockroaches
  2 goblins (D:1)
  2 hobgoblins
  2 kobolds (D:2)
  4 quokkas
  3 ball pythons
  4 rats
33 creatures vanquished.

Notes
Turn   | Place    | Note
-------+----------+-------------------------------------------
     0 | D:1      | Midn8 the Formicid Wanderer began the quest for the Orb.
     0 | D:1      | Midn8 set off with the following items: a +0 shortbow, a
                  | potion of attraction, a +0 ring mail, a scroll of fog.
     0 | D:1      | Reached XP level 1. HP: 15/15 MP: 1/1
    94 | D:1      | Reached XP level 2. HP: 22/22 MP: 2/2
   294 | D:1      | Reached XP level 3. HP: 29/29 MP: 3/3
   836 | D:2      | Reached XP level 4. HP: 34/35 MP: 4/4
  1010 | D:2      | Noticed Natasha
  1014 | D:2      | Killed Natasha
  1164 | D:2      | Noticed Natasha
  1174 | D:2      | Slain by a cerulean imp

Illustrated notes

Levels and vault maps discovered:
D:1:      saegor_arrival_fortress, layout_basic, grunt_decor_one_mirror
D:2:      layout_basic, uniq_jessica, uniq_natasha

Skill      XL: |  1  2 |
---------------+-------+-----
Fighting       | 2 3 |  3.0
Ranged Weapons | |  5.9
Armour         | |  1.1
Unarmed Combat | |  2.0
Invocations    | |  1.1

Action                     |  1- 3 |  4- 6 || total
---------------------------+-------+-------++-------
   Fire: Shortbow          |    90 |    19 ||   109
 Armour: Ring mail         |    25 |    14 ||    39
  Dodge: Dodged            |    22 |     6 ||    28

Table legend: (Time is in decaauts)
 A = Elapsed time spent in this place.
 B = Non-inter-level travel time spent in this place.
 C = Inter-level travel time spent in this place.
 D = Time resting spent in this place.
 E = Time spent auto-exploring this place.
 F = Levels seen in this place.
 G = Mean time per level.
                   A        B        C        D        E       F      G
               +--------+--------+--------+--------+--------+-----+--------+
         Total |   1195 |   1179 |     16 |      3 |    961 |   2 |  597.5 |
       Dungeon |   1195 |   1179 |     16 |      3 |    961 |   2 |  597.5 |
               +--------+--------+--------+--------+--------+-----+--------+

Top non-repeatable levels by time:
     D:1: 662 daAuts
     D:2: 533 daAuts
